 Dungeon Crawl Stone Soup version 0.30.0-19-g36f170ea60 (webtiles) character file.

Game seed: 6127693805788289095

580 Irreverend the Insei (level 6, -6/51 HPs)
             Began as a Demigod Transmuter on May 29, 2023.
             Mangled by a gnoll sergeant
             ... wielding a +0 spear
              (10 damage)
             ... on level 5 of the Dungeon.
             The game lasted 00:06:18 (4181 turns).

Irreverend the Insei (Demigod Transmuter)           Turns: 4181, Time: 00:06:19

Health: -6/51      AC:  5    Str: 11    XL:     6   Next: 89%
Magic:  9/11       EV: 12    Int: 23    God:
Gold:   363        SH:  0    Dex: 14    Spells: 5/8 levels left

rFire   . .          .
                       - Unarmed
rCold   . . .        (no shield)
rNeg    . . .        h - +0 leather armour
rPois   .            (helmet currently unavailable)
rElec   .            m - +0 cloak
rCorr   .            d - +0 pair of gloves
SInv    .            p - melded +0 pair of boots
Will    .....        (no amulet)
Stlth   +            (no ring)
HPRegen 0.28/turn    (no ring)
MPRegen 0.12/turn

%: no passive effects
@: appendages, wereblooded
A: horns 2, talons 2, high MP 1, forlorn, divine attributes
a: End Transformation


You were on level 5 of the Dungeon.
You had temporarily grown beastly horns and talons.
You visited 1 branch of the dungeon, and saw 5 of its levels.

You collected 363 gold pieces.

Inventory:

Armour
 a - a +0 robe
 d - a +0 pair of gloves (worn)
 h - a +0 leather armour (worn)
 m - a +0 cloak (worn)
 p - a +0 pair of boots (melded)
Scrolls
 c - 2 scrolls of immolation {unknown}
 e - a scroll of vulnerability {unknown}
 f - a scroll of blinking {unknown}
 g - 5 scrolls of identify {unknown}
 i - a scroll of brand weapon {unknown}
 k - 3 scrolls of enchant armour {unknown}
 l - a scroll of fog {unknown}
 o - 2 scrolls of silence {unknown}
 r - a scroll of noise {unknown}
 s - 5 scrolls of teleportation {unknown}
 v - a scroll of enchant weapon {unknown}
Potions
 b - a potion of attraction {unknown}
 j - 4 potions of curing
 n - 3 potions of might {unknown}
 q - a potion of ambrosia {unknown}
 t - a potion of heal wounds {unknown}
 u - a potion of flight {unknown}


   Skills:
 + Level 3.2 Fighting
 + Level 3.6 Dodging
 * Level 5.4 Unarmed Combat
 - Level 1.7 Spellcasting
 + Level 2.7 Transmutations


You had 5 spell levels left.
You knew the following spells:

 Your Spells              Type           Power      Damage    Failure   Level
a - Beastly Appendage     Tmut           28%        N/A       6%          1
b - Wereblood             Tmut           14%        N/A       9%          2

Your spell library contained the following spells:

 Spells                   Type           Power      Damage    Failure   Level
 Magic Dart               Conj           8%         1d3       17%         1
 Shock                    Conj/Air       8%         1d3       17%         1
 Call Imp                 Summ           4%         N/A       26%         2
 Spider Form              Tmut/Pois      8%         N/A       30%         3
 Mephitic Cloud           Conj/Pois/Air  2%         N/A       45%         3
 Ozocubu's Armour         Ice            2%         N/A       45%         3
 Stone Arrow              Conj/Erth      4%         3d7       45%         3
 Swiftness                Air            2%         N/A       45%         3
 Ice Form                 Ice/Tmut       8%         N/A       69%         4
 Airstrike                Air            1%         2d(1-17)  86%         4
 Lee's Rapid Deconstruct  Erth           1%         3d4*      99%         5
 Ozocubu's Refrigeration  Ice            1%         4d7       100%        7


Dungeon Overview and Level Annotations

Branches:
Dungeon (5/15)
 Temple: D:4-7


Innate Abilities, Weirdness & Mutations

You have temporarily grown beastly horns and talons.
You have an increased reservoir of magic. (+10% MP)
You shall have no god before yourself.
Your divine heritage dramatically boosts your attributes as you level up.


Message History

The gnoll is heavily wounded.
The gnoll closely misses you.
The gnoll sergeant hits you from afar with a +0 spear.
You punch the gnoll!
You feel a bit better.
You kill the gnoll!
The gnoll sergeant hits you from afar with a +0 spear!
Found a scroll labelled SIODOA ASTENUT.
The gnoll sergeant hits you with a +0 spear!
You see here a +0 club.
You are too injured to fight recklessly!
You are too injured to fight recklessly!
You are too injured to fight recklessly!
You are too injured to fight recklessly!
You are too injured to fight recklessly!
You hit the gnoll sergeant but do no damage.
You claw the gnoll sergeant, but do no damage.
You punch the gnoll sergeant.
The gnoll sergeant is lightly wounded.
The gnoll sergeant closely misses you.
You barely miss the gnoll sergeant.
You claw the gnoll sergeant, but do no damage.
You headbutt the gnoll sergeant.
The gnoll sergeant is moderately wounded.
The gnoll sergeant misses you.
You hit the gnoll sergeant but do no damage.
You claw the gnoll sergeant, but do no damage.
You headbutt the gnoll sergeant, but do no damage.
The gnoll sergeant is moderately wounded.
You barely miss the gnoll sergeant.
You claw the gnoll sergeant, but do no damage.
Your headbutt misses the gnoll sergeant.
Your punch misses the gnoll sergeant.
The gnoll sergeant is moderately wounded.
The gnoll sergeant hits you with a +0 spear!
* * * LOW HITPOINT WARNING * * *
You hit the gnoll sergeant but do no damage.
Your headbutt misses the gnoll sergeant.
The gnoll sergeant is moderately wounded.
The gnoll sergeant hits you with a +0 spear!
You die... ..### ....### # #.....? #. ..... ##. ..S. #.. gg#

##.. .. #g# #... #.. #@#
## .... #.# ##.## ##. ....
#.# ###...###..# #...
#.###..........## #...
#......##.......# #..#
##...##.........# ###.#
###.......###....#####....
.##.........#
#..........#.
........###.#
##..##...####


You could see a gnoll sergeant, 2 gnolls and an adder.

Vanquished Creatures
  A black bear (D:4)
  An ogre (D:4)
  2 scorpions
  An iguana (D:5)
  2 sleepcaps (D:4)
  A gnoll (D:5)
  9 adders
  A white imp (D:5)
  3 worms
  2 dart slugs
  An orc (D:3)
  2 ball pythons
  9 bats
  12 endoplasms
  4 giant cockroaches
  6 goblins
  14 hobgoblins
  6 jackals (D:2)
  11 kobolds
  2 quokkas
  2 frilled lizards
  A rat (D:3)
93 creatures vanquished.

Notes
Turn   | Place    | Note
-------+----------+-------------------------------------------
     0 | D:1      | Irreverend the Demigod Transmuter began the quest for the
                  | Orb.
     0 | D:1      | Reached XP level 1. HP: 15/15 MP: 5/5
   110 | D:1      | Reached skill level 1 in Fighting
   185 | D:1      | Reached skill level 3 in Unarmed Combat
   297 | D:1      | Reached XP level 2. HP: 20/23 MP: 5/7
   848 | D:2      | Reached XP level 3. HP: 28/28 MP: 6/8
  1542 | D:2      | Reached XP level 4. HP: 36/36 MP: 9/9
  1888 | D:3      | Reached skill level 4 in Unarmed Combat
  1949 | D:3      | Reached XP level 5. HP: 40/42 MP: 10/10
  3062 | D:4      | Noticed a black bear
  3070 | D:4      | Killed a black bear
  3215 | D:4      | Reached XP level 6. HP: 50/50 MP: 11/11
  3347 | D:4      | Reached skill level 5 in Unarmed Combat
  3690 | D:4      | Got the Notes on Mutated Minerals
  3717 | D:5      | Entered Level 5 of the Dungeon
  4107 | D:5      | Learned a level 2 spell: Wereblood
  4181 | D:5      | Mangled by a gnoll sergeant

Illustrated notes

Levels and vault maps discovered:
D:1:      minmay_arrival_stair_chambers, layout_rooms
D:2:      kennysheep_six_static_rooms, layout_basic
D:3:      layout_loops_ring, general_overflow_altar,
          ashenzari_conservatory_becter, serial_rivers,
          chequers_serial_rivers_marsh, chequers_serial_rivers_micro_a,
          chequers_serial_rivers_small_a, chequers_serial_rivers_micro_d,
          minivault_11, minmay_hedge_maze, glass_columns_a,
          minmay_curled_crystal, chequers_serial_rivers_micro_d,
          minmay_misc_feat_diagonals
D:4:      minmay_octagon_keep, layout_basic, kennysheep_mini_moat,
          lemuel_crystal_altar, dreamdust_wishing_well
D:5:      layout_layer_cave, gammafunk_temple_overflow_statue

Skill      XL: |  1  2  3  4  5  6 |
---------------+-------------------+-----
Fighting       | 1 2 3 |  3.2
Dodging        | 2 3 |  3.6
Unarmed Combat | 3 4 5 |  5.4
Transmutations | 2 |  2.7
Spellcasting   | |  1.7

Action                     |  1- 3 |  4- 6 || total
---------------------------+-------+-------++-------
  Melee: Unarmed           |   148 |   168 ||   316
         Kick              |    27 |    42 ||    69
         Headbutt          |    16 |    28 ||    44
         Punch             |     1 |     5 ||     6
   Cast: Beastly Appendage |    31 |    36 ||    67
         Wereblood         |       |     2 ||     2
    Use: Potion            |       |     4 ||     4
 Armour: Leather armour    |    60 |    29 ||    89
         Robe              |     2 |       ||     2
         Skin              |       |    17 ||    17
  Dodge: Dodged            |   125 |    81 ||   206
